AoeStats
← BottleDry

Lombardia

507373110Analyzed
4v4 RM · 14d ago on Sep 17, 2026· 44m 7s· 8 players
Game mode
Random Map
Map size
Large (8 player)
Population
200
Speed
Normal
Resources
Standard
Victory
Conquest
Starting age
Dark Age
Ending age
Imperial Age
RankedLock teamsTeams togetherTeam positionsShared explorationLock speedFull tech treeHidden civsTurbo modeCheats
Victory
Defeat
🇺🇸 Magyars · United States
925
+13
🇺🇸 Hindustanis · United States
921
+13
🇦🇷 Franks · Argentina
803
+18
🇦🇷 Burgundians · Argentina
779
+19
🇰🇿 Georgians · Kazakhstan
912
-18
🇩🇪 Celts · Germany
862
-16
🇹🇷 Goths · Türkiye
825
-15
🇦🇷 Aztecs · Argentina
806
-14
xbarter
0:31 Loom
12:17 Feudal Age
12:44 Horse Collar
12:53 Double-Bit Axe
18:48 Bloodlines
25:29 Gold Mining
25:30 Stone Mining
28:08 Castle Age
25:57 Town Watch
26:48 Wheelbarrow
26:59 Forging
27:12 Scale Mail Armor
27:55 Scale Barding Armor
27:44 Fletching
28:58 Squires
28:19 Pikeman
30:45 Hand Cart
31:10 Heavy Plow
33:46 Bow Saw
35:04 Caravan
34:42 Man-at-Arms
35:21 Elite Skirmisher
36:36 Anarchy
Gravity
5:29 Loom
11:25 Feudal Age
12:42 Double-Bit Axe
12:54 Horse Collar
13:11 Loom
17:29 Castle Age
19:45 Wheelbarrow
19:23 Bow Saw
19:13 Gold Mining
21:05 Bloodlines
20:55 Husbandry
22:47 Wheelbarrow
24:27 Bloodlines
27:51 Sanctity
27:44 Husbandry
30:04 Scale Barding Armor
30:10 Forging
35:23 Imperial Age
34:12 Forging
34:08 Scale Barding Armor
36:31 Conscription
38:12 Iron Casting
38:50 Hand Cart
40:15 Chain Barding Armor
40:56 Blast Furnace
41:33 Pikeman
42:00 Gambesons
44:22 Plate Barding Armor
Patuqui18
10:39 Feudal Age
11:15 Double-Bit Axe
15:46 Wheelbarrow
18:35 Castle Age
17:12 Gold Mining
17:45 Stone Mining
19:28 Forging
24:18 Hand Cart
25:44 Bow Saw
26:22 Horse Collar
28:19 Gold Shaft Mining
30:32 Eagle Warrior
31:13 Squires
30:59 Arson
34:41 Imperial Age
33:10 Caravan
35:44 Conscription
34:50 Elite Eagle Warrior
34:55 Elite Skirmisher
36:49 Scale Mail Armor
37:25 Iron Casting
36:48 Pikeman
38:56 Garland Wars
39:32 Ballistics
40:21 Blast Furnace
39:37 Chain Mail Armor
41:59 Chemistry
halil_guvenc
10:42 Loom
13:32 Feudal Age
17:09 Forging
18:45 Double-Bit Axe
28:38 Castle Age
29:05 Gold Mining
35:00 Wheelbarrow
35:28 Pikeman
42:26 Stronghold
711WasAPartTimeJob
11:14 Feudal Age
11:43 Loom
17:16 Castle Age
15:32 Double-Bit Axe
15:32 Horse Collar
18:18 Heavy Plow
18:31 Bow Saw
26:11 Wheelbarrow
25:21 Town Watch
25:32 Gold Mining
26:38 Stone Mining
28:14 Hand Cart
28:49 Scale Barding Armor
28:55 Forging
28:49 Husbandry
28:59 Bloodlines
29:41 Grand Trunk Road
32:13 Imperial Age
30:28 Padded Archer Armor
32:30 Masonry
32:44 Leather Archer Armor
32:50 Chain Barding Armor
31:53 Light Cavalry
32:00 Elite Skirmisher
32:46 Thumb Ring
32:40 Fletching
33:55 Chemistry
33:04 Shatagni
33:25 Conscription
42:19 Siege Engineers
42:36 Ballistics
42:41 Siege Elephant
BottleDry
8:11 Loom
10:34 Feudal Age
10:59 Double-Bit Axe
11:49 Horse Collar
13:58 Wheelbarrow
15:49 Scale Barding Armor
21:53 Castle Age
22:19 Stone Mining
22:19 Gold Mining
23:56 Bow Saw
24:11 Chain Barding Armor
24:01 Heavy Plow
28:20 Bloodlines
28:10 Husbandry
28:35 Husbandry
29:58 Corvinian Army
31:30 Town Watch
36:43 Imperial Age
33:57 Light Cavalry
35:58 Town Patrol
36:14 Hand Cart
37:04 Cavalier
38:21 Plate Barding Armor
37:31 Hussar
38:42 Conscription
39:45 Elite Magyar Huszar
40:12 Capped Ram
42:41 Fletching
43:32 Bodkin Arrow
43:46 Siege Engineers
43:54 Padded Archer Armor
COSTAMDP
12:29 Feudal Age
17:01 Forging
23:56 Castle Age
25:29 Gold Mining
30:57 Iron Casting
Nahue
1:57 Loom
10:24 Feudal Age
10:52 Double-Bit Axe
10:50 Horse Collar
20:22 Castle Age
21:01 Bow Saw
20:56 Heavy Plow
22:51 Stone Mining
22:52 Gold Mining
28:35 Gold Mining
29:37 Wheelbarrow
29:30 Husbandry
28:52 Cavalier
30:34 Town Watch
31:23 Caravan
30:53 Elite Skirmisher
31:37 Squires
32:03 Scale Barding Armor
32:09 Forging
32:14 Pikeman
33:14 Hand Cart
37:03 Imperial Age
35:37 Gold Shaft Mining
36:00 Iron Casting
35:26 Padded Archer Armor
35:16 Fletching
35:28 Scale Mail Armor
36:36 Town Patrol
37:05 Chain Barding Armor
37:24 Burgundian Vineyards
38:54 Chemistry
38:15 Ballistics
38:53 Stone Shaft Mining
38:08 Arson
39:12 Conscription
40:59 Two-Man Saw
40:34 Halberdier
41:02 Elite Coustillier
44:38 Blast Furnace
44:14 Plate Barding Armor
43:55 Leather Archer Armor
Connection lost

Rejoining the realm…

Still unreachable

The connection could not be restored.

Session expired

The server has moved on; the page needs a fresh start.